 Dungeon Crawl Stone Soup version 0.27-a0-1200-g94dc6ad4cf (webtiles) character file.

Game seed: 13549299930259660079

1904 freelancePsychic the Shield-Bearer (level 9, -15/88 HPs)
             Began as an Ogre Fire Elementalist on May 31, 2021.
             Was a Priest of Ashenzari.
             Shot with a sling bullet by Joseph (20 damage)
             ... on level 7 of the Dungeon.
             The game lasted 00:13:48 (6160 turns).

freelancePsychic the Shield-Bearer (OgFE)           Turns: 6160, Time: 00:13:48

Health: -15/88     AC:  5    Str: 14    XL:     9   Next: 15%
Magic:  22/25      EV: 10    Int: 25    God:    Ashenzari [***...]
Gold:   380        SH:  0    Dex:  9    Spells: 13/18 levels left

rFire    . . .     SeeInvis +   g - +0 long sword of Ashenzari's Dismay {Cun, Range} (curse)
rCold    . . .     Faith    .   (no shield)
rNeg     . . .     Spirit   .   a - +0 robe "Share My Doubts" {Alch, Cun} (curse)
rPois    .         Reflect  .   s - +2 hat "Visionary Inaction" {Elem, Fort} (curse)
rElec    .         Harm     .   (no cloak)
rCorr    .         Rampage  .   (gloves unavailable)
Will     .....     Clarity  +   (boots unavailable)
Stlth    ++........             b - amulet "Oscillating Fan" {Regen+, Cun, Melee} (curse)
HPRegen  1.24/turn              v - ring of magical power
MPRegen  0.19/turn              m - +6 ring of intelligence

@: marked
A: large, unfitting armour, tough skin 1
a: Renounce Religion, Shatter the Chains


You were on level 7 of the Dungeon.
You worshipped Ashenzari.
Ashenzari was most pleased with you.
You visited 1 branch of the dungeon, and saw 7 of its levels.
You also visited: Ossuary.

You collected 380 gold pieces.

Inventory:

Hand Weapons
 g - the cursed +0 long sword of Ashenzari's Dismay (weapon) {Cun, Range}
   (You found it on level 2 of the Dungeon)

   It has a curse which improves the following skills: Cunning: Dodging and
   Stealth.
   Ranged Combat: Slings, Bows, Crossbows and Throwing.
Missiles
 q - 5 curare-tipped darts
Armour
 a - the cursed +0 robe "Share My Doubts" (worn) {Alch, Cun}

   It has a curse which improves the following skills: Alchemy: Poison Magic and
   Transmutations.
   Cunning:   Dodging and Stealth.
 p - a +3 tower shield
 s - the cursed +2 hat "Visionary Inaction" (worn) {Elem, Fort}
   (You found it on level 4 of the Dungeon)

   It has a curse which improves the following skills: Elements: Fire Magic, Ice
   Magic, Air Magic and Earth Magic.
   Fortitude: Armour and Shields.
Jewellery
 b - the cursed amulet "Oscillating Fan" (around neck) {Regen+, Cun, Melee}
   (You found it on level 1 of the Dungeon)

   [amulet of regeneration]

   It increases your rate of health regeneration.
   It has a curse which improves the following skills: Cunning: Dodging and
   Stealth.
   Melee Combat: Short Blades, Long Blades, Axes, Maces & Flails, Polearms,
   Staves and Unarmed Combat.
 c - a ring of resist corrosion
 m - a +6 ring of intelligence (right hand)
 v - a ring of magical power (left hand)
Wands
 j - a wand of iceblast (10)
 n - a wand of flame (13)
 o - a wand of polymorph (5)
Scrolls
 d - 3 scrolls of amnesia
 e - a scroll of magic mapping
 f - a scroll of holy word
 h - 4 scrolls of immolation
 k - 4 scrolls of teleportation {@r4}
 t - a scroll of silence
Potions
 l - 5 potions of curing {@q1}
 r - a potion of flight
 u - a potion of heal wounds {@q2}
 x - a potion of lignification
 z - a potion of mutation
 A - a potion of brilliance
 B - 2 potions of invisibility
 C - 2 potions of haste {@q3}


   Skills:
 - Level 5.4 Fighting
 - Level 1.7(4.4) Dodging
 - Level 1.4(3.9) Stealth
 + Level 5.7(7.6) Shields
 - Level 5.1 Spellcasting
 - Level 5.3 Conjurations
 + Level 5.1(6.9) Fire Magic


You had 13 spell levels left.
You knew the following spells:

 Your Spells              Type           Power      Damage    Failure   Level
a - Foxfire               Conj/Fire      100%       2x1d9     1%          1
b - Sticky Flame          Conj/Fire      37%        2d6       6%          4

Your spell library contained the following spells:

 Spells                   Type           Power      Damage    Failure   Level
 Conjure Flame            Conj/Fire      37%        6-21      1%          3
 Inner Flame              Hex/Fire       23%        N/A       6%          3
 Beastly Appendage        Tmut           14%        N/A       8%          1
 Wereblood                Tmut           7%         N/A       11%         2
 Fireball                 Conj/Fire      18%        3d9       19%         5
 Spider Form              Tmut/Pois      3%         N/A       22%         3
 Ice Form                 Ice/Tmut       7%         N/A       58%         4
 Hydra Form               Tmut           3%         N/A       90%         5


Dungeon Overview and Level Annotations

Branches:
Dungeon (7/15)             Temple (0/1) D:5         Ossuary (visited)

Altars:
Ashenzari
Sif Muna

Shops:
D:6 :

Annotations:
D:7 Harold, Joseph


Innate Abilities, Weirdness & Mutations

You are too large for most types of armour.
You have tough skin. (AC +1)


Message History

Harold is moderately wounded.
The foxfire hits Harold!
Harold is moderately wounded.
You struggle against the net.
The foxfire hits Harold.
Harold is moderately wounded.
The foxfire hits Harold.
Harold is moderately wounded.
Harold hits you from afar with a +0 halberd!
You struggle against the net.
Joseph, a Mercenary comes into view.
He is wielding a +0 quarterstaff and wearing a +1 leather armour of positive energy.
Harold gestures at you while chanting. A sentinel's mark forms upon you.
Blink to where?
Press: ? - help, Dir - move target
As you read the scroll of blinking, it crumbles to dust.
Joseph shouts!
Joseph unwields a +0 quarterstaff.
Joseph wields a +0 hunting sling.
Joseph shoots a sling bullet.
The sling bullet hits you!
Joseph shoots a sling bullet.
The sling bullet hits you!
Harold throws a throwing net.
The throwing net hits you.
You become entangled in the net!
You stop ascending the stairs.
You tear a large gash into the net.
Joseph shoots a sling bullet.
The sling bullet hits you!
You struggle against the net.
Joseph shoots a sling bullet.
The sling bullet barely misses you.
You rip the net and break free!
The ufetubus closely misses you.
You riposte.
You slash the ufetubus!
You kill the ufetubus!
Joseph shoots a sling bullet.
The sling bullet hits you! Harold fires a harpoon shot at you.
The harpoon shot hits you!
* * * LOW HITPOINT WARNING * * *
You are yanked forward by the harpoon shot.
Blink to where?
Press: ? - help, Dir - move target
As you read the scroll of blinking, it crumbles to dust.
Joseph shoots a sling bullet.
The sling bullet hits you!!
* * * LOW HITPOINT WARNING * * *
Joseph shoots a sling bullet.
The sling bullet hits you!!
You die...

##..## * ##..## ... *#.#
, * ##..## *..#*..#** *
#..## ## *..##.)# * #..#
#.####.....# #..#
*#.#.......###. * #..#
##..........#..
#..######..............
,
#...#.#.....#..@.......
,
##..##..................
#...#..####...>.........
, ,
..(.#...###.###.........
, , ...##.#..##.#
#.@....... ,,
......##....####........
...#..###.......(......@
....#.##................
, ,
.....#.#...####.........
,,


You could see Harold and Joseph.

Vanquished Creatures
  Sigmund (D:5)
  A steam dragon (D:5)
  A water moccasin (D:6)
  2 sky beasts (D:6)
  A black bear (D:5)
  A centaur (D:5)
  2 ogres
  A necrophage (D:5)
  2 bullfrogs
  A scorpion (D:5)
  3 killer bees
  4 orc priests
  4 jellies
  A human zombie (Ossuary)
  3 orc wizards
  2 iguanas (D:6)
  3 mummies (Ossuary)
  5 adders
  3 gnolls (D:4)
  2 white imps
  An ufetubus (D:7)
  3 worms
  17 orcs
  2 ball pythons
  3 bats
  5 endoplasms
  A giant cockroach (D:2)
  3 goblins
  7 hobgoblins
  8 jackals
  2 quokkas
  A gnoll zombie (Ossuary)
  2 goblin zombies (Ossuary)
  A hobgoblin zombie (Ossuary)
  A jackal zombie (D:5)
  4 kobolds
  2 kobold zombies (Ossuary)
  An orc zombie (Ossuary)
  5 rats
  A rat zombie (D:5)
113 creatures vanquished.

Vanquished Creatures (others)
  356 foxfires
356 creatures vanquished.

Grand Total: 469 creatures vanquished

Notes
Turn   | Place    | Note
-------+----------+-------------------------------------------
     0 | D:1      | freelancePsychic the Ogre Fire Elementalist began the quest
                  | for the Orb.
     0 | D:1      | Reached XP level 1. HP: 16/16 MP: 3/3
    97 | D:1      | Reached skill level 1 in Conjurations
   202 | D:1      | Found a faded altar of an unknown god.
   252 | D:1      | Reached skill level 1 in Fighting
   262 | D:1      | Reached XP level 2. HP: 25/27 MP: 1/5
  1233 | D:2      | Reached XP level 3. HP: 35/35 MP: 3/7
  2009 | D:3      | Reached XP level 4. HP: 44/44 MP: 4/8
  2056 | D:3      | Found a shimmering blue altar of Sif Muna.
  2056 | D:3      | Found a broken altar of Ashenzari.
  2061 | D:3      | Became a worshipper of Ashenzari the Shackled
  2754 | D:4      | Noticed an ogre
  2761 | D:4      | Killed an ogre
  2762 | D:4      | Reached XP level 5. HP: 54/54 MP: 6/11
  3156 | D:4      | Reached XP level 6. HP: 62/62 MP: 4/12
  3748 | D:5      | Entered Level 5 of the Dungeon
  3748 | D:5      | Noticed a black bear
  3749 | D:5      | Noticed a necrophage
  3755 | D:5      | Killed a black bear
  3759 | D:5      | Killed a necrophage
  3760 | D:5      | Reached skill level 5 in Fighting
  3760 | D:5      | Reached skill level 5 in Spellcasting
  3760 | D:5      | Reached XP level 7. HP: 72/72 MP: 2/14
  3779 | D:5      | Found a sand-covered staircase.
  3793 | Ossuary  | Entered an ossuary
  3899 | Ossuary  | Reached * piety under Ashenzari
  4331 | D:5      | Noticed Sigmund
  4331 | D:5      | Noticed a steam dragon
  4358 | D:5      | Reached skill level 1 in Shields
  4363 | D:5      | Learned a level 4 spell: Sticky Flame
  4412 | D:5      | Killed Sigmund
  4425 | D:5      | Reached XP level 8. HP: 81/81 MP: 13/15
  4597 | D:5      | Found a staircase to the Ecumenical Temple.
  4662 | D:5      | Reached skill level 5 in Conjurations
  4841 | D:5      | Reached ** piety under Ashenzari
  5158 | D:6      | Found Luepatum's Book Shop.
  5493 | D:6      | Reached skill level 5 in Shields
  5581 | D:6      | Reached XP level 9. HP: 73/88 MP: 16/16
  5978 | D:7      | Reached skill level 5 in Fire Magic
  6050 | D:7      | Reached *** piety under Ashenzari
  6143 | D:7      | Noticed Harold
  6153 | D:7      | Noticed Joseph
  6159 | D:7      | HP: 3/88 [Joseph/sling bullet (23)]
  6160 | D:7      | Shot with a sling bullet by Joseph

Illustrated notes

Levels and vault maps discovered:
D:1:      scummos_arrival_gate, layout_loops_cross, ebering_ecumenical_altar_box
D:2:      layout_basic
D:3:      layout_basic, gammafunk_temple_overflow_statue
D:4:      layout_loops_ring
D:5:      layout_rooms, minmay_temple_entry_proselytizer, enter_ossuary_3,
          uniq_sigmund
D:6:      layout_loops_ring, serial_shops, shop_fountains,
          nicolae_underground_beach
D:7:      layout_layer_cave, elyvilon_altar_1, general_overflow_altar,
          dancing_weapons_uskayaw, uniq_joseph, uniq_harold,
          uniq_crazy_yiuf_cottage

Skill      XL: |  1  2  3  4  5  6  7  8  9 |
---------------+----------------------------+-----
Conjurations   | 1 2 3 4 5 |  5.3
Fighting       | 1 2 3 4 5 |  5.4
Spellcasting   | 3 4 5 |  5.1
Shields        | 2 5 |  5.7
Fire Magic     | 4 5 |  5.1
Dodging        | |  1.7
Stealth        | |  1.4

Action                   |  1- 3 |  4- 6 |  7- 9 || total
-------------------------+-------+-------+-------++-------
Melee: Unarmed           |    39 |       |       ||    39
       Long sword        |    46 |    40 |    72 ||   158
 Cast: Foxfire           |    39 |    64 |   103 ||   206
       Sticky Flame      |       |       |    11 ||    11
Invok: Curse Item        |       |     1 |     3 ||     4
  Use: Scroll            |       |     2 |     3 ||     5
 Stab: Distracted        |       |       |     1 ||     1
Armor: Robe              |    40 |    12 |    45 ||    97
Dodge: Dodged            |    59 |    40 |    54 ||   153
       Rpst.: Long sword |    11 |    11 |    15 ||    37

Table legend: (Time is in decaauts)
 A = Elapsed time spent in this place.
 B = Non-inter-level travel time spent in this place.
 C = Inter-level travel time spent in this place.
 D = Time resting spent in this place.
 E = Time spent auto-exploring this place.
 F = Levels seen in this place.
 G = Mean time per level.
                   A        B        C        D        E       F      G
               +--------+--------+--------+--------+--------+-----+--------+
         Total |   6221 |   5993 |    228 |    133 |   4851 |   8 |  777.6 |
       Dungeon |   5805 |   5577 |    228 |    117 |   4569 |   7 |  829.3 |
       Ossuary |    415 |    415 |      0 |     16 |    282 |   1 |  415.0 |
               +--------+--------+--------+--------+--------+-----+--------+

Top non-repeatable levels by time:
     D:2: 1118 daAuts
     D:4: 1107 daAuts
     D:6: 1062 daAuts
     D:1: 873 daAuts
     D:5: 774 daAuts
     D:3: 681 daAuts
 Ossuary: 415 daAuts
     D:7: 186 daAuts
